AoeStats
← Dikkebierbuik

Arena

507049559Analyzed
1v1 RM · 15d ago on Sep 16, 2026· 54m 46s· 2 players
Game mode
Random Map
Map size
Tiny (2 player)
Population
200
Speed
Normal
Resources
Standard
Victory
Conquest
Starting age
Dark Age
Ending age
Imperial Age
RankedLock teamsTeams togetherTeam positionsShared explorationLock speedFull tech treeHidden civsTurbo modeCheats
Victory
Defeat
🇬🇧 Cumans · United Kingdom
702
+13
🇳🇱 Aztecs · Netherlands
647
-13
Dikkebierbuik
13:22 Loom
15:07 Feudal Age
16:50 Horse Collar
16:58 Double-Bit Axe
17:08 Stone Mining
19:43 Castle Age
19:10 Wheelbarrow
18:26 Town Watch
18:38 Gold Mining
23:03 Hand Cart
27:18 Bow Saw
27:13 Heavy Plow
29:05 Gold Shaft Mining
31:23 Scale Mail Armor
35:22 Imperial Age
34:06 Forging
35:41 Chain Mail Armor
36:03 Iron Casting
35:22 Elite Jaguar Warrior
36:42 Garland Wars
37:14 Plate Mail Armor
39:26 Blast Furnace
swinchstep
8:17 Loom
10:32 Feudal Age
11:19 Double-Bit Axe
11:17 Horse Collar
21:49 Castle Age
20:27 Wheelbarrow
19:38 Town Watch
20:42 Scale Barding Armor
21:12 Stone Mining
21:15 Gold Mining
23:35 Pikeman
29:55 Hand Cart
29:58 Bow Saw
29:54 Heavy Plow
30:31 Town Patrol
32:26 Chain Barding Armor
32:08 Padded Archer Armor
31:59 Fletching
32:20 Forging
32:13 Scale Mail Armor
35:15 Imperial Age
33:02 Bloodlines
33:02 Thumb Ring
33:31 Light Cavalry
36:02 Bodkin Arrow
36:23 Leather Archer Armor
36:43 Iron Casting
36:24 Chain Mail Armor
35:42 Hussar
37:39 Plate Barding Armor
38:30 Chemistry
37:51 Ballistics
38:17 Gold Shaft Mining
38:19 Ring Archer Armor
38:03 Onager
39:58 Blast Furnace
40:20 Plate Mail Armor
39:58 Halberdier
43:14 Squires
46:22 Capped Ram
46:25 Elite Kipchak
49:50 Siege Onager
Connection lost

Rejoining the realm…

Still unreachable

The connection could not be restored.

Session expired

The server has moved on; the page needs a fresh start.